 Dungeon Crawl Stone Soup version 0.27.0-1-g7a089689b8 (webtiles) character file.

Game seed: 12862047017605817046

7522 gimp the Spear-Bearer (level 11, -2/63 HPs)
             Began as a Tengu Warper on Aug 7, 2021.
             Was a High Priest of the Shining One.
             Slain by a tengu warrior (4 damage)
             ... on level 9 of the Dungeon.
             The game lasted 00:17:21 (10585 turns).

gimp the Spear-Bearer (Tengu Warper)               Turns: 10585, Time: 00:17:22

Health: -2/63      AC: 10    Str: 17    XL:     11   Next: 16%
Magic:  14/23      EV: 14    Int: 18    God:    the Shining One [*****.]
Gold:   409        SH: 11    Dex: 21    Spells: 19/24 levels left

rFire    + . .     SeeInvis .   a - +1 trident (protect)
rCold    . . .     Faith    .   I - +0 buckler of Norphoh {rElec Str+6}
rNeg     + + .     Spirit   .   t - +0 acid dragon scales
rPois    .         Reflect  +   C - +0 hat
rElec    +         Harm     .   E - +0 cloak
rCorr    +         Rampage  .   m - +0 pair of gloves
Will     .....                  (boots unavailable)
Stlth    +.........             g - amulet of reflection
HPRegen  0.20/turn              p - +6 ring of dexterity
MPRegen  0.18/turn              i - ring of protection from fire

@: flying quickly and evasively, glowing, quick
A: beak, talons 3, nimble flight, iridescent scales 1, clever 1, subdued magic 1
a: Renounce Religion, Divine Shield, Cleansing Flame, Summon Divine Warrior


You were on level 9 of the Dungeon.
You worshipped the Shining One.
The Shining One was extremely pleased with you.
You visited 1 branch of the dungeon, and saw 9 of its levels.

You collected 409 gold pieces.

Inventory:

Hand Weapons
 a - a +1 trident of protection (weapon)
Missiles
 d - 5 boomerangs of dispersal
 u - 26 poisoned darts
 y - 2 throwing nets
 B - 2 boomerangs
 G - 4 curare-tipped darts (quivered)
Armour
 m - a +0 pair of gloves (worn)
 t - +0 acid dragon scales (worn)
 w - a +2 chain mail of cold resistance
 x - a +2 scale mail of fire resistance
 C - a +0 hat (worn)
 E - a +0 cloak (worn)
 H - +0 steam dragon scales
 I - the +0 buckler of Norphoh (worn) {rElec Str+6}
   (You acquired it on level 6 of the Dungeon)

   Str:       It affects your strength (+6).
   rElec:     It insulates you from electricity.
Magical Staves
 b - a staff of conjuration
 e - a staff of fire
 j - a staff of air
 k - a staff of earth
Jewellery
 g - an amulet of reflection (around neck)
 i - a ring of protection from fire (right hand)
 p - a +6 ring of dexterity (left hand)
Wands
 n - a wand of iceblast (8)
 v - a wand of polymorph (14)
Scrolls
 c - 2 scrolls of blinking
 f - 2 scrolls of teleportation
 r - 3 scrolls of fog
 D - 2 scrolls of amnesia
 F - 3 scrolls of identify
Potions
 h - a potion of haste
 l - 2 potions of curing
 o - a potion of cancellation
 q - a potion of heal wounds
 s - a potion of resistance
 z - a potion of magic
 A - a potion of might


   Skills:
 - Level 5.0 Fighting
 - Level 14.0 Polearms
 - Level 1.0 Throwing
 - Level 1.1 Armour
 - Level 2.1 Dodging
 - Level 4.0 Shields
 + Level 7.3 Spellcasting
 - Level 2.4 Translocations
 + Level 3.1 Invocations


You had 19 spell levels left.
You knew the following spells:

 Your Spells              Type           Power      Damage    Failure   Level
a - Blink                 Tloc           N/A        N/A       6%          2
b - Call Canine Familiar  Summ           5%         N/A       34%         3

Your spell library contained the following spells:

 Spells                   Type           Power      Damage    Failure   Level
 Gell's Gravitas          Tloc           5%         N/A       13%         3
 Lesser Beckoning         Tloc           5%         N/A       13%         3
 Teleport Other           Tloc           11%        N/A       13%         3
 Portal Projectile        Hex/Tloc       16%        N/A       22%         3
 Hailstorm                Conj/Ice       5%         3d4       77%         4
 Ice Form                 Ice/Tmut       5%         N/A       77%         4
 Leda's Liquefaction      Hex/Erth       2%         N/A       77%         4
 Manifold Assault         Tloc           11%        N/A       78%         5
 Dispersal                Tloc           5%         N/A       100%        6
 Simulacrum               Ice/Necr       2%         N/A       100%        6


Dungeon Overview and Level Annotations

Branches:
Dungeon (9/15)             Temple (0/1) D:6
   Lair: D:8-11         Orc: D:9-12

Altars:
Kikubaaqudgha
Ru
Trog
The Shining One

Shops:
D:1 (   D:3 :   D:6 :

Annotations:
D:8 2 transporters, Exaltedone87's ghost, novice PaFi
D:9 4 runed translucent doors


Innate Abilities, Weirdness & Mutations

You have a beak for a mouth.
You have claws for feet.
Your magical nature lets you fly swiftly and evasively.
You are partially covered in iridescent scales. (AC +2)
Your mind is acute. (Int +2)
Your spells are a little easier to cast, but a little less powerful.


Message History

The skeletal warrior is heavily damaged.
The golden flame engulfs you but does no damage.
You resist.
The golden flame engulfs the skeletal warrior!!
The skeletal warrior writhes in agony!
The skeletal warrior is almost destroyed.
The skeletal warrior hits you with a +0 hand axe.
You take 4 damage, and have 36/63 hp.
You now have 18/23 mp.
You hit the skeletal warrior but do no damage.
You claw the skeletal warrior.
The skeletal warrior is almost destroyed.
Reach: a) +1 trident (protect)
Press: ? - help, Dir - move target, f/p - skeletal warrior
Aim: a skeletal warrior, wielding a +0 hand axe (almost destroyed, haloed, about 16% to evade your +1 trident of protection)
Okay, then.
You fail to use your ability.
The skeletal warrior closely misses you.
You fail to use your ability.
You block the skeletal warrior's attack.
The orc warrior barely misses you.
You fail to use your ability.
The skeletal warrior hits you with a +0 hand axe!
The orc warrior barely misses you.
You take 15 damage, and have 22/63 hp.
MASSIVE DAMAGE!!
The golden flame engulfs you but does no damage.
You resist.
The golden flame engulfs the skeletal warrior.
The skeletal warrior is almost destroyed.
The golden flame engulfs the orc warrior.
The orc warrior is lightly wounded.
The skeletal warrior hits you with a +0 hand axe!
* * * LOW HITPOINT WARNING * * *
The orc warrior hits you from afar with a +0 halberd.
* * * LOW HITPOINT WARNING * * *
You take 21 damage, and have 1/63 hp.
MASSIVE DAMAGE!!
You now have 14/23 mp.
A tengu warrior comes into view.
It is wielding a +0 war axe and wearing a +2 buckler of reflection.
The tengu warrior hits you with a +0 war axe!
The Shining One protects you from harm! The tengu warrior pecks you.
You die...

#####... #... #.##
#.## ############...
#.........##### #
#.######.......
#.####.#####..##++##
#.Q@.zo......##8..8#
###########..#8....8
#..#l....[
#..#K....[
#))#8....8
#.o##8..8#
#..)##++##
#..)......
##........


You could see a skeletal warrior, a tengu warrior and an orc warrior.

Vanquished Creatures
  A two-headed ogre (D:8)
  An ugly thing (D:7)
  Maggie (D:6)
  A rime drake (D:7)
  A shadow (D:8)
  2 wyverns
  A wraith (D:9)
  4 yaks (D:9)
  Eustachio (D:6)
  Menkaure (D:6)
  4 water moccasins
  An acid dragon (D:8)
  2 black bears
  4 orc warriors
  2 hornet zombies
  An ice beast (D:7)
  A sky beast (D:6)
  2 ogres
  5 centaurs
  A kobold brigand (D:6)
  A phantom (D:4)
  3 bullfrogs
  A gnoll sergeant (D:6)
  4 scorpions
  3 water moccasin skeletons (D:5)
  4 wights (D:7)
  2 howler monkeys
  4 bullfrog zombies
  3 centaur zombies
  4 orc priests
  3 centaur skeletons
  2 gnoll shamans
  2 hounds
  4 jellies
  A bullfrog skeleton (D:4)
  5 iguanas
  9 orc wizards
  3 killer bee zombies
  A howler monkey zombie (D:8)
  5 adders
  14 gnolls
  3 white imps
  2 ufetubi (D:6)
  An adder skeleton (D:4)
  3 worms
  3 dart slugs
  31 orcs
  2 bats (D:3)
  11 endoplasms
  2 giant cockroaches
  3 goblins
  6 hobgoblins
  3 jackals (D:4)
  7 kobolds
  3 quokkas
  4 ball pythons
  7 frilled lizards
  A rat (D:2)
207 creatures vanquished.

Vanquished Creatures (others)
  An orc (D:8)
1 creature vanquished.

Grand Total: 208 creatures vanquished

Notes
Turn   | Place    | Note
-------+----------+-------------------------------------------
     0 | D:1      | gimp the Tengu Warper began the quest for the Orb.
     0 | D:1      | Reached XP level 1. HP: 12/12 MP: 4/4
   203 | D:1      | Reached XP level 2. HP: 17/17 MP: 6/6
   436 | D:1      | Found a faded altar of an unknown god.
   520 | D:1      | Reached skill level 3 in Polearms
   564 | D:1      | Became a worshipper of the Shining One
   564 | D:1      | Reached * piety under the Shining One
   758 | D:1      | Found Niahegg's Antique Weapon Boutique.
   956 | D:2      | Learned a level 2 spell: Blink
   969 | D:2      | Reached XP level 3. HP: 22/22 MP: 7/7
  1428 | D:3      | Reached skill level 4 in Polearms
  1428 | D:3      | Reached XP level 4. HP: 21/27 MP: 8/8
  1844 | D:3      | Found Qasaem's Book Emporium.
  1897 | D:3      | Gained mutation: Your magical nature lets you fly swiftly
                  | and evasively. [Tengu growth]
  1897 | D:3      | Reached XP level 5. HP: 31/32 MP: 9/9
  2323 | D:3      | Reached ** piety under the Shining One
  2330 | D:3      | Reached skill level 5 in Polearms
  2456 | D:4      | Identified a scroll of acquirement
  2456 | D:4      | Acquired a staff of conjuration
  2681 | D:4      | Reached skill level 1 in Shields
  2681 | D:4      | Reached XP level 6. HP: 38/38 MP: 10/10
  2802 | D:4      | Found a glowing golden altar of the Shining One.
  2891 | D:4      | Reached skill level 6 in Polearms
  3340 | D:4      | Reached XP level 7. HP: 23/43 MP: 11/11
  3977 | D:5      | Entered Level 5 of the Dungeon
  4096 | D:4      | Reached skill level 7 in Polearms
  4406 | D:5      | Reached XP level 8. HP: 38/48 MP: 12/12
  4547 | D:5      | Found a sacrificial altar of Ru.
  4564 | D:5      | Reached skill level 5 in Fighting
  4772 | D:5      | Reached *** piety under the Shining One
  4918 | D:5      | Reached skill level 8 in Polearms
  5071 | D:5      | Learned a level 3 spell: Call Canine Familiar
  5184 | D:5      | Reached skill level 9 in Polearms
  5298 | D:6      | Noticed Eustachio
  5309 | D:6      | Killed Eustachio
  5831 | D:6      | Found Ypudduw's Book Boutique.
  5851 | D:6      | Reached XP level 9. HP: 54/54 MP: 14/14
  5851 | D:6      | Noticed Maggie
  5860 | D:6      | Killed Maggie
  5861 | D:6      | Reached skill level 10 in Polearms
  6195 | D:6      | Acquired the +0 buckler of Norphoh {rElec Str+6}
  6217 | D:6      | Noticed Menkaure
  6222 | D:6      | Killed Menkaure
  6540 | D:6      | Found a staircase to the Ecumenical Temple.
  6867 | D:6      | Reached **** piety under the Shining One
  6876 | D:6      | Reached skill level 11 in Polearms
  7146 | D:7      | Reached skill level 5 in Spellcasting
  7275 | D:7      | Found an ancient bone altar of Kikubaaqudgha.
  7446 | D:7      | Reached XP level 10. HP: 39/59 MP: 17/19
  7470 | D:7      | Noticed a cyan ugly thing
  7484 | D:8      | Noticed a two-headed ogre
  7486 | D:8      | Noticed Exaltedone87's ghost (novice PaFi)
  7487 | D:8      | Noticed a moth of wrath
  7802 | D:6      | Reached skill level 12 in Polearms
  7989 | D:7      | Noticed Joseph
  7990 | D:7      | Noticed Joseph
  7990 | D:7      | Joseph changed into Joseph the rime drake
  8077 | D:7      | Gained mutation: Your mind is acute. (Int +2) [potion of
                  | mutation]
  8077 | D:7      | Gained mutation: Your spells are a little easier to cast,
                  | but a little less powerful. [potion of mutation]
  8077 | D:7      | Gained mutation: You are partially covered in iridescent
                  | scales. (AC +2) [potion of mutation]
  8096 | D:7      | Killed a cyan ugly thing
  8102 | D:7      | Killed Joseph the rime drake
  9046 | D:8      | Identified the +0 ring mail "Aweyhuull" {Contam Regen+
                  | Str+2}
  9215 | D:8      | Reached skill level 13 in Polearms
  9409 | D:8      | Noticed a two-headed ogre
  9521 | D:8      | Killed a two-headed ogre
  9522 | D:8      | Reached skill level 1 in Invocations
  9596 | D:8      | Found a transporter.
 10062 | D:8      | Found a transporter.
 10064 | D:8      | Found a bloodstained altar of Trog.
 10173 | D:9      | Reached ***** piety under the Shining One
 10183 | D:9      | Reached XP level 11. HP: 63/63 MP: 22/22
 10324 | D:9      | Found a large runed translucent door.
 10324 | D:9      | Found a large runed translucent door.
 10334 | D:9      | Found the +2 hat of the Bear Spirit {Spirit, +Rage rN+
                  | Will++}
 10350 | D:9      | Found a large runed translucent door.
 10350 | D:9      | Found a large runed translucent door.
 10396 | D:9      | Reached skill level 14 in Polearms
 10396 | D:9      | Noticed a skeletal warrior
 10581 | D:9      | HP: 1/63 [orc warrior (4)]
 10583 | D:9      | Noticed a tengu warrior
 10585 | D:9      | The Shining One protects you from harm!
 10585 | D:9      | Slain by a tengu warrior

Illustrated notes

Levels and vault maps discovered:
D:1:      dpeg_arrival_simpleton_c, layout_basic, serial_shops,
          nicolae_shop_behind_doors, shapermc_ecumenical_altar_mp_ritualfount
D:2:      layout_rooms
D:3:      layout_loops_corners, serial_shops, nicolae_shop_statue_plus,
          minmay_misc_feat_plants, st_stairs_13
D:4:      layout_loops_corners, tso_metal_star, minmay_between
D:5:      layout_basic, lemuel_tele_altar
D:6:      minmay_chambers_of_fours, layout_basic, minmay_temple_entry_trees,
          serial_shops, shop_fountains, uniq_maggie, uniq_eustachio,
          uniq_menkaure
D:7:      layout_loops_cross, mainiacjoe_overflow_surrounded_room,
          grunt_ministairs_3, uniq_joseph
D:8:      minmay_bubble_buster, layout_rooms, gammafunk_ghost_wrathful_warriors
D:9:      layout_loops_ring, minmay_hollow_rounded_squares

Skill      XL: |  1  2  3  4  5  6  7  8  9 10 11 |
---------------+----------------------------------+-----
Polearms       | 3 4 5 6 7 9 11 13 14 | 14.0
Fighting       | 3 4 5 |  5.0
Shields        | 1 2 3 4 |  4.0
Spellcasting   | 3 5 7 |  7.3
Invocations    | 2 3 |  3.1
Throwing       | |  1.0
Armour         | |  1.1
Dodging        | |  2.1
Translocations | |  2.4

Action                   |  1- 3 |  4- 6 |  7- 9 | 10-12 || total
-------------------------+-------+-------+-------+-------++-------
Melee: Spear             |   102 |   123 |   400 |   134 ||   759
       Kick              |    20 |    33 |   133 |   125 ||   311
       Peck              |    11 |    26 |    79 |    86 ||   202
       Trident           |       |       |       |   215 ||   215
Throw: Dart              |       |       |    10 |     2 ||    12
Invok: Cleansing Flame   |       |       |       |     2 ||     2
Evoke: Wand              |       |       |     8 |     5 ||    13
  Use: Scroll            |       |     3 |     3 |    12 ||    18
       Potion            |       |       |       |     3 ||     3
Armor: Ring mail         |    18 |    27 |       |       ||    45
       Leather armour    |     1 |       |       |       ||     1
       Chain mail        |       |     5 |   111 |    43 ||   159
       Acid dragon scale |       |       |       |    19 ||    19
Dodge: Dodged            |    27 |    27 |    62 |    60 ||   176
Block: Buckler           |       |    10 |    67 |    87 ||   164
       Reflection        |       |       |       |     5 ||     5
